[ AOE2 MATCH · #507400356 ]
UnrankedFranks vs Lithuanians
Player's team · LOSS
[ REPLAY ANALYSIS · EXTRACTED FROM THE RECORDED GAME ]
Feudal
8:51
Castle
—
Imperial
—
| APM avg | 59.2 |
| APM peak | 109 |
| eAPM avg | 31.6 |
| Villagers / military | 84 / 60 |
Focus
⚔️ 45.3% · 🌾 54.7%
Spearman ×20 · Skirmisher ×19 · Scout Cavalry ×12 · Archer ×9
Feudal
9:16
Castle
29:10
Imperial
—
| APM avg | 54.0 |
| APM peak | 88 |
| eAPM avg | 24.7 |
| Villagers / military | 77 / 47 |
Focus
⚔️ 40.8% · 🌾 59.2%
Spearman ×19 · Knight ×11 · Scorpion ×6 · Skirmisher ×6 · Archer ×3 · Monk ×2
Match map
Initial resources + every placement click. Lines = walls · curves = elevation contours. ◆ gold · ⬟ stone · ● berries · ✦ relic · ◌ wall gap
Your base· Open — unwalled flank
__97_Unknown_Arg's base· Open — unwalled flank
Smoothed initial terrain · ◌ = detected wall gap · hover for details
Inputs per minute
— Patoshiq - - __97_Unknown_Arg
Build order — Patoshiq
First 150 of 214 actions detected
| 0:00 | Create | Villager (Male) |
| 0:02 | Build | House |
| 0:02 | Build | House |
| 0:05 | Create | Villager (Male) |
| 0:05 | Create | Villager (Male) |
| 0:08 | Create | Villager (Male) |
| 1:31 | Create | Villager (Male) |
| 1:41 | Build | Mill |
| 2:01 | Create | Villager (Male) |
| 2:23 | Create | Villager (Male) |
| 2:50 | Create | Villager (Male) |
| 3:04 | Build | House |
| 3:12 | Create | Villager (Male) |
| 3:44 | Create | Villager (Male) |
| 3:54 | Create | Villager (Male) |
| 4:29 | Create | Villager (Male) |
| 4:32 | Create | Villager (Male) |
| 4:46 | Create | Villager (Male) |
| 5:28 | Create | Villager (Male) |
| 5:39 | Build | Lumber Camp |
| 5:43 | Research | Loom |
| 6:37 | Research | Feudal Age |
| 6:37 | Research | Feudal Age |
| 7:03 | Build | Palisade Wall |
| 7:04 | Build | Palisade Wall |
| 7:08 | Build | Palisade Wall |
| 7:10 | Build | Palisade Wall |
| 7:12 | Build | Palisade Wall |
| 7:39 | Create | Villager (Male) |
| 7:49 | Build | Barracks |
| 8:10 | Build | House |
| 8:27 | Build | Palisade Wall |
| 8:28 | Build | Palisade Wall |
| 8:32 | Build | Palisade Wall |
| 8:38 | Create | Villager (Male) |
| 8:51 | Age | Feudal Age |
| 8:53 | Create | Villager (Male) |
| 8:59 | Build | Stable |
| 9:01 | Create | Spearman |
| 9:08 | Create | Villager (Male) |
| 9:13 | Research | Double-Bit Axe |
| 9:13 | Research | Double-Bit Axe |
| 9:21 | Build | Palisade Wall |
| 9:44 | Build | House |
| 9:46 | Build | Palisade Wall |
| 9:55 | Create | Scout Cavalry |
| 9:55 | Create | Scout Cavalry |
| 9:55 | Create | Scout Cavalry |
| 10:08 | Build | Mill |
| 10:16 | Build | House |
| 10:19 | Build | House |
| 10:28 | Create | Scout Cavalry |
| 10:30 | Create | Villager (Male) |
| 10:43 | Build | Farm |
| 10:44 | Build | Farm |
| 11:33 | Create | Villager (Male) |
| 11:34 | Create | Villager (Male) |
| 11:49 | Create | Villager (Male) |
| 11:49 | Create | Villager (Male) |
| 11:52 | Build | Watch Tower |
| 11:58 | Build | Farm |
| 12:10 | Build | Palisade Gate |
| 12:17 | Build | Palisade Wall |
| 12:32 | Create | Villager (Male) |
| 12:38 | Build | Palisade Wall |
| 12:40 | Build | Palisade Wall |
| 12:54 | Create | Villager (Male) |
| 13:05 | Build | Farm |
| 13:41 | Create | Villager (Male) |
| 13:41 | Create | Villager (Male) |
| 13:43 | Build | Lumber Camp |
| 14:02 | Build | House |
| 14:18 | Build | Farm |
| 14:21 | Build | Farm |
| 14:22 | Create | Villager (Male) |
| 14:26 | Create | Scout Cavalry |
| 14:27 | Create | Scout Cavalry |
| 14:27 | Create | Scout Cavalry |
| 14:50 | Create | Villager (Male) |
| 15:06 | Build | Archery Range |
| 15:12 | Create | Villager (Male) |
| 15:20 | Create | Villager (Male) |
| 15:22 | Build | Farm |
| 15:30 | Research | Town Watch |
| 15:31 | Research | Town Watch |
| 15:31 | Research | Town Watch |
| 15:43 | Build | Farm |
| 15:49 | Create | Skirmisher |
| 15:49 | Create | Skirmisher |
| 15:50 | Create | Villager (Male) |
| 16:08 | Create | Villager (Male) |
| 16:13 | Build | Mining Camp |
| 16:15 | Build | House |
| 16:24 | Create | Villager (Male) |
| 16:34 | Create | Villager (Male) |
| 16:43 | Create | Skirmisher |
| 16:43 | Create | Skirmisher |
| 17:05 | Create | Villager (Male) |
| 17:06 | Create | Villager (Male) |
| 17:11 | Build | Palisade Wall |
| 17:13 | Build | Palisade Wall |
| 17:22 | Build | Palisade Wall |
| 17:23 | Create | Villager (Male) |
| 17:23 | Create | Villager (Male) |
| 17:56 | Create | Villager (Male) |
| 18:17 | Create | Skirmisher |
| 18:17 | Create | Skirmisher |
| 19:11 | Build | Watch Tower |
| 19:17 | Create | Villager (Male) |
| 19:43 | Create | Villager (Male) |
| 19:49 | Build | Mining Camp |
| 20:07 | Build | Farm |
| 20:09 | Build | House |
| 20:31 | Create | Villager (Male) |
| 20:31 | Create | Villager (Male) |
| 20:33 | Build | Market |
| 20:41 | Build | House |
| 20:42 | Build | Palisade Wall |
| 20:45 | Create | Villager (Male) |
| 20:45 | Create | Villager (Male) |
| 21:13 | Create | Villager (Male) |
| 21:14 | Create | Villager (Male) |
| 21:26 | Create | Villager (Male) |
| 21:45 | Create | Villager (Male) |
| 22:02 | Create | Villager (Male) |
| 22:20 | Build | Mining Camp |
| 22:26 | Create | Villager (Male) |
| 22:45 | Create | Skirmisher |
| 22:45 | Create | Skirmisher |
| 22:51 | Build | Watch Tower |
| 22:56 | Build | Watch Tower |
| 23:20 | Create | Villager (Male) |
| 23:30 | Create | Villager (Male) |
| 23:30 | Create | Villager (Male) |
| 23:55 | Create | Villager (Male) |
| 23:56 | Create | Villager (Male) |
| 23:58 | Create | Skirmisher |
| 23:58 | Create | Skirmisher |
| 24:48 | Create | Villager (Male) |
| 24:56 | Create | Skirmisher |
| 24:56 | Create | Skirmisher |
| 24:57 | Create | Skirmisher |
| 25:20 | Create | Villager (Male) |
| 25:38 | Build | Lumber Camp |
| 25:53 | Create | Villager (Male) |
| 26:42 | Create | Skirmisher |
| 26:42 | Create | Skirmisher |
| 26:42 | Create | Skirmisher |
| 26:55 | Create | Villager (Male) |
| 27:03 | Build | House |
Build order — __97_Unknown_Arg
First 150 of 233 actions detected
| 0:00 | Create | Villager (Male) |
| 0:01 | Create | Villager (Male) |
| 0:01 | Create | Villager (Male) |
| 0:01 | Create | Villager (Male) |
| 0:02 | Build | House |
| 0:03 | Build | House |
| 0:08 | Create | Villager (Male) |
| 0:08 | Create | Villager (Male) |
| 1:30 | Create | Villager (Male) |
| 1:30 | Create | Villager (Male) |
| 1:56 | Build | Lumber Camp |
| 1:58 | Create | Villager (Male) |
| 2:22 | Create | Villager (Male) |
| 2:22 | Create | Villager (Male) |
| 3:00 | Build | House |
| 3:31 | Create | Villager (Male) |
| 3:31 | Create | Villager (Male) |
| 3:33 | Create | Villager (Male) |
| 4:26 | Create | Villager (Male) |
| 4:36 | Create | Villager (Male) |
| 4:36 | Create | Villager (Male) |
| 4:40 | Build | Mill |
| 5:10 | Create | Villager (Male) |
| 5:11 | Create | Villager (Male) |
| 5:11 | Create | Villager (Male) |
| 6:05 | Create | Villager (Male) |
| 6:16 | Research | Loom |
| 6:45 | Build | House |
| 6:48 | Research | Feudal Age |
| 6:48 | Research | Feudal Age |
| 6:48 | Research | Feudal Age |
| 7:59 | Build | Barracks |
| 8:08 | Create | Villager (Male) |
| 9:06 | Create | Villager (Male) |
| 9:16 | Age | Feudal Age |
| 9:18 | Build | Archery Range |
| 9:21 | Create | Spearman |
| 9:32 | Research | Double-Bit Axe |
| 9:32 | Research | Double-Bit Axe |
| 9:33 | Create | Villager (Male) |
| 9:43 | Create | Spearman |
| 9:44 | Create | Villager (Male) |
| 9:51 | Build | Watch Tower |
| 9:52 | Create | Skirmisher |
| 10:05 | Create | Skirmisher |
| 10:15 | Build | House |
| 10:44 | Create | Spearman |
| 10:44 | Create | Villager (Male) |
| 10:47 | Build | Mining Camp |
| 10:58 | Build | House |
| 11:11 | Build | Palisade Wall |
| 11:21 | Build | Palisade Wall |
| 11:24 | Build | House |
| 11:28 | Create | Villager (Male) |
| 11:36 | Create | Skirmisher |
| 12:18 | Create | Villager (Male) |
| 12:30 | Build | House |
| 12:37 | Create | Skirmisher |
| 12:44 | Build | Farm |
| 12:45 | Build | Farm |
| 12:47 | Build | Farm |
| 12:48 | Build | Farm |
| 13:13 | Create | Villager (Male) |
| 13:27 | Build | Watch Tower |
| 13:34 | Create | Spearman |
| 13:38 | Build | Farm |
| 13:55 | Create | Spearman |
| 13:55 | Create | Spearman |
| 14:00 | Create | Villager (Male) |
| 14:00 | Create | Villager (Male) |
| 14:01 | Create | Villager (Male) |
| 14:02 | Build | Farm |
| 14:09 | Build | Palisade Wall |
| 14:16 | Create | Villager (Male) |
| 14:16 | Create | Villager (Male) |
| 14:18 | Build | Farm |
| 14:30 | Build | House |
| 14:43 | Create | Spearman |
| 15:04 | Build | Watch Tower |
| 15:06 | Create | Villager (Male) |
| 15:10 | Build | Palisade Wall |
| 15:11 | Build | Palisade Wall |
| 15:12 | Build | Palisade Wall |
| 15:13 | Build | Palisade Wall |
| 15:18 | Create | Villager (Male) |
| 15:26 | Build | House |
| 15:30 | Create | Spearman |
| 15:34 | Build | Watch Tower |
| 15:40 | Create | Spearman |
| 15:51 | Build | Farm |
| 16:04 | Create | Villager (Male) |
| 16:27 | Create | Villager (Male) |
| 16:53 | Build | Watch Tower |
| 16:55 | Create | Villager (Male) |
| 17:01 | Create | Spearman |
| 17:05 | Create | Villager (Male) |
| 17:07 | Build | Blacksmith |
| 17:12 | Build | Palisade Wall |
| 17:26 | Create | Spearman |
| 17:30 | Create | Spearman |
| 17:39 | Build | Palisade Wall |
| 17:41 | Build | Palisade Wall |
| 17:42 | Build | Palisade Wall |
| 17:48 | Create | Spearman |
| 17:57 | Create | Spearman |
| 18:17 | Build | House |
| 18:21 | Create | Spearman |
| 18:27 | Build | House |
| 18:29 | Build | House |
| 18:36 | Build | Watch Tower |
| 18:42 | Create | Spearman |
| 18:47 | Create | Spearman |
| 18:48 | Create | Skirmisher |
| 19:01 | Create | Villager (Male) |
| 19:01 | Create | Villager (Male) |
| 19:03 | Build | Farm |
| 19:18 | Create | Spearman |
| 19:38 | Create | Villager (Male) |
| 19:42 | Build | Watch Tower |
| 19:44 | Create | Skirmisher |
| 20:01 | Build | Farm |
| 20:01 | Build | Farm |
| 20:01 | Build | Farm |
| 20:01 | Build | Farm |
| 20:01 | Build | Farm |
| 20:02 | Build | Farm |
| 20:26 | Create | Villager (Male) |
| 20:40 | Build | Watch Tower |
| 20:49 | Build | Watch Tower |
| 20:51 | Research | Fletching |
| 20:51 | Research | Fletching |
| 20:53 | Create | Villager (Male) |
| 21:00 | Create | Spearman |
| 21:31 | Create | Villager (Male) |
| 21:44 | Build | Palisade Wall |
| 21:45 | Build | Palisade Wall |
| 21:45 | Build | Palisade Wall |
| 21:46 | Build | Palisade Wall |
| 21:47 | Create | Villager (Male) |
| 21:50 | Build | Mining Camp |
| 21:59 | Build | Watch Tower |
| 22:14 | Create | Villager (Male) |
| 22:30 | Build | Watch Tower |
| 22:34 | Create | Villager (Male) |
| 22:55 | Research | Horse Collar |
| 22:56 | Research | Horse Collar |
| 23:16 | Create | Villager (Male) |
| 23:40 | Create | Villager (Male) |
| 23:41 | Build | Farm |
| 23:41 | Build | Farm |
Match timeline
| 7:03 | Patoshiq · wall_segment Palisade Wall x1 |
| 7:04 | Patoshiq · wall_segment Palisade Wall x1 |
| 7:08 | Patoshiq · wall_segment Palisade Wall x1 |
| 7:10 | Patoshiq · wall_segment Palisade Wall x1 |
| 7:12 | Patoshiq · wall_segment Palisade Wall x1 |
| 7:49 | Patoshiq · first_building Barracks |
| 7:59 | __97_Unknown_Arg · first_building Barracks |
| 8:27 | Patoshiq · wall_segment Palisade Wall x1 |
| 8:28 | Patoshiq · wall_segment Palisade Wall x1 |
| 8:32 | Patoshiq · wall_segment Palisade Wall x1 |
| 8:51 | Patoshiq · age_up feudal |
| 8:59 | Patoshiq · first_building Stable |
| 9:16 | __97_Unknown_Arg · age_up feudal |
| 9:18 | __97_Unknown_Arg · first_building Archery Range |
| 9:21 | Patoshiq · wall_segment Palisade Wall x1 |
| 9:46 | Patoshiq · wall_segment Palisade Wall x4 |
| 11:11 | __97_Unknown_Arg · wall_segment Palisade Wall x1 |
| 11:21 | __97_Unknown_Arg · wall_segment Palisade Wall x1 |
| 12:17 | Patoshiq · wall_segment Palisade Wall x1 |
| 12:38 | Patoshiq · wall_segment Palisade Wall x1 |
| 12:40 | Patoshiq · wall_segment Palisade Wall x1 |
| 14:09 | __97_Unknown_Arg · wall_segment Palisade Wall x2 |
| 15:06 | Patoshiq · first_building Archery Range |
| 15:10 | __97_Unknown_Arg · wall_segment Palisade Wall x3 |
| 15:11 | __97_Unknown_Arg · wall_segment Palisade Wall x3 |
| 15:12 | __97_Unknown_Arg · wall_segment Palisade Wall x3 |
| 15:13 | __97_Unknown_Arg · wall_segment Palisade Wall x2 |
| 17:11 | Patoshiq · wall_segment Palisade Wall x1 |
| 17:12 | __97_Unknown_Arg · wall_segment Palisade Wall x3 |
| 17:13 | Patoshiq · wall_segment Palisade Wall x1 |
| 17:22 | Patoshiq · wall_segment Palisade Wall x1 |
| 17:39 | __97_Unknown_Arg · wall_segment Palisade Wall x2 |
| 17:41 | __97_Unknown_Arg · wall_segment Palisade Wall x3 |
| 17:42 | __97_Unknown_Arg · wall_segment Palisade Wall x2 |
| 20:42 | Patoshiq · wall_segment Palisade Wall x5 |
| 21:44 | __97_Unknown_Arg · wall_segment Palisade Wall x2 |
| 21:45 | __97_Unknown_Arg · wall_segment Palisade Wall x2 |
| 21:45 | __97_Unknown_Arg · wall_segment Palisade Wall x2 |
| 21:46 | __97_Unknown_Arg · wall_segment Palisade Wall x3 |
| 22:17 | Patoshiq · first_market_buy 100 wood |
| 25:45 | __97_Unknown_Arg · wall_segment Palisade Wall x1 |
| 26:51 | __97_Unknown_Arg · first_building Stable |
| 27:23 | __97_Unknown_Arg · wall_segment Palisade Wall x2 |
| 29:10 | __97_Unknown_Arg · age_up castle |
| 30:15 | Patoshiq · first_market_sell 100 wood |
| 30:40 | __97_Unknown_Arg · first_building Siege Workshop |
| 30:54 | Patoshiq · wall_segment Palisade Wall x1 |
| 31:12 | __97_Unknown_Arg · first_building Monastery |
| 33:15 | Patoshiq · wall_segment Palisade Wall x1 |
| 34:50 | Patoshiq · resign |
[ AI ANALYSIS · 1 CREDIT ]
What really happened in this match?
Wolo.gg analyzes every decision: build order, eco, micro, common mistakes by bracket. Personalized analysis on WhatsApp or Discord in 30 seconds.
Civ guide
Franks
Perfil
Jugador #5832372